 Dungeon Crawl Stone Soup version 0.24.0-37-gcf1ca852f1 (webtiles) character file.

Game seed: 15529311500942420256, levelgen mode: deterministic

2032 Goreval the Insei (level 9, -8/58 HPs)
             Began as an Octopode Transmuter on Dec 7, 2019.
             Was a Believer of Cheibriados.
             Shot with an arrow by a centaur (10 damage)
             ... on level 8 of the Dungeon.
             The game lasted 00:22:45 (8463 turns).

Goreval the Insei (Octopode Transmuter)             Turns: 8463, Time: 00:22:46

Health: -8/58      AC:  1    Str: 16    XL:     9   Next: 24%
Magic:  15/15      EV: 18    Int: 21    God:    Cheibriados [**....]
Gold:   461        SH:  0    Dex: 21    Spells: 4/16 levels left

rFire    . . .     SeeInvis .     - Unarmed
rCold    + . .     Gourm    .   (no shield)
rNeg     + . .     Faith    .   (helmet restricted)
rPois    .         Spirit   .   (no amulet)
rElec    .         Reflect  .   g - +2 ring of evasion
rCorr    .         Harm     .   s - ring of positive energy
MR       .....                  x - ring of protection from cold
Stlth    +++.......             (no ring)
HPRegen  0.19/turn              (no ring)
MPRegen  0.14/turn              (no ring)
                                (no ring)
                                (no ring)

@: appendage, very slightly contaminated, invisible, very slow
A: almost no armour, stealthy swim, amphibious, 8 rings, constrict 8, tentacle
spike 3, camouflage 1, gelatinous body 1
a: End Transformation, Bend Time, Renounce Religion


You were on level 8 of the Dungeon.
You worshipped Cheibriados.
Cheibriados was pleased with you.
You were not hungry.
One of your tentacles had a temporary spike.
You visited 2 branches of the dungeon, and saw 9 of its levels.

You collected 461 gold pieces.

Inventory:

Missiles
 a - 70 arrows
 h - 303 stones (quivered)
 t - 2 boomerangs of dispersal
 y - 2 throwing nets
Magical Staves
 z - an uncursed staff of earth
 D - an uncursed staff of cold
 G - an uncursed staff of energy
Jewellery
 g - a +2 ring of evasion (left tentacle)
 s - a ring of positive energy (right tentacle)
 x - a ring of protection from cold (on tentacle)
Wands
 B - a wand of enslavement (7)
 C - a wand of polymorph (19)
 E - a wand of clouds (7)
 H - a wand of acid (6)
Scrolls
 b - a scroll of noise {unknown}
 d - 3 scrolls of enchant weapon
 f - 5 scrolls of identify
 i - 5 scrolls of remove curse
 j - a scroll of amnesia {unknown}
 l - a scroll of enchant armour {unknown}
 m - a scroll of teleportation
 w - 2 scrolls of immolation {unknown}
 F - 2 scrolls of blinking {unknown}
Potions
 e - 2 potions of lignification {unknown}
 k - a potion of might {unknown}
 n - 2 potions of brilliance {unknown}
 o - a potion of invisibility
 p - 2 potions of curing
 q - 2 potions of degeneration {unknown}
 r - a potion of magic {unknown}
 u - a potion of ambrosia {unknown}
 v - a potion of mutation {unknown}
 A - a potion of heal wounds {unknown}
Comestibles
 c - 13 rations


   Skills:
 + Level 4.1 Fighting
 + Level 4.5 Dodging
 * Level 6.5 Unarmed Combat
 + Level 4.1 Spellcasting
 * Level 6.0 Transmutations
 - Level 4.2 Poison Magic
 + Level 2.7 Invocations


You had 4 spell levels left.
You knew the following spells:

 Your Spells              Type           Power        Failure   Level  Hunger
a - Beastly Appendage     Tmut           ####..       1%          1    None
b - Spider Form           Tmut/Pois      ####......   4%          3    ###....
c - Ice Form              Ice/Tmut       ###.....     34%         4    ####...
p - Passwall              Tmut/Erth      ###.....     5%          2    #......
z - Sticks to Snakes      Tmut           ####....     1%          2    #......

Your spell library contained the following spells:

 Spells                   Type           Power        Failure   Level  Hunger
 Flame Tongue             Conj/Fire      #....        12%         1    None
 Sandblast                Erth           #.....       12%         1    None
 Throw Flame              Conj/Fire      #.....       19%         2    #......
 Conjure Flame            Conj/Fire      #.......     34%         3    ###....
 Inner Flame              Hex/Fire       #.......     34%         3    ###....
 Stone Arrow              Conj/Erth      #.....       34%         3    ###....
 Petrify                  Tmut/Erth      ###.....     34%         4    ####...
 Sticky Flame             Conj/Fire      #.......     75%         4    ####...
 Blade Hands              Tmut           ####......   26%         5    ######.
 Fireball                 Conj/Fire      #.........   97%         5    ######.
 Lee's Rapid Deconstruct  Erth           #.........   97%         5    ######.


Dungeon Overview and Level Annotations

Branches:
Dungeon (8/15)             Temple (1/1) D:4
   Lair: D:8-11

Altars:
Ashenzari
Cheibriados
Dithmenos
Elyvilon
Fedhas
Gozag
Hepliaklqana
Kikubaaqudgha
Makhleb
Nemelex Xobeh
Okawaru
Qazlal
Ru
Sif Muna
Trog
Uskayaw
Vehumet
Wu Jian
Xom
Yredelemnul
Zin
The Shining One

Shops:
D:5 =   D:7 :

Annotations:
D:4 3 runed translucent doors, diiiiiane's ghost, novice OpAs
D:7 2 transporters, H0rd4k's ghost, novice DEWz


Innate Abilities, Weirdness & Mutations

You cannot wear most types of armour.
You are very stealthy in the water. (Stealth+)
You are amphibious.
You can wear up to eight rings at the same time.
You can use your tentacles to constrict eight enemies at once.
Your skin changes colour to match your surroundings (Stealth+).
Your rubbery body absorbs attacks. (AC +1, EV +1)
One of your tentacles bears a large vicious spike.


Message History

The centaur shoots an arrow.
The arrow barely misses you.
The centaur shoots an arrow.
The arrow hits you!
You see here an arrow.
The centaur shoots an arrow.
The arrow hits you!!
* * * LOW HITPOINT WARNING * * *
A wight comes into view. It is wielding a +0 long sword.
The centaur shoots an arrow.
The arrow hits you!
* * * LOW HITPOINT WARNING * * *
You see here 2 arrows.
Unknown command.
Here: a centaur, wielding a -1 shortbow The floor.
Okay, then.
You fade into invisibility!
The centaur shoots an arrow.
The arrow misses you.
You are very lightly contaminated with residual magic.
The centaur shoots an arrow.
You see here an arrow.
The centaur shoots an arrow.
The arrow hits you!
You die...

..###...#####..# ###
###.......## # ##
#####....#### ........ .##
##.##....###.!....?.
...#######..####........>....
##.##...........(.###........
.............#...............
##...##...........(..##......
.....###....##..@(##.........
>.........#####....).(c......
......##### #....#####z......
......############ #......
...........# # #.....
...........# ..# #.#..
...........######....# .# .
..............<....... c
.########.....###....# .


You could see a centaur and a wight.

Vanquished Creatures
  Pikel (D:7)
  2 sky beasts
  An ogre (D:4)
  A big kobold (D:7)
  A bullfrog (D:7)
  2 scorpions (D:7)
  A water moccasin skeleton (D:6)
  4 wights
  3 crimson imps
  7 hounds
  A jelly (D:7)
  A bullfrog skeleton (D:8)
  2 orc priests (D:4)
  2 orc wizards (D:4)
  An iguana (D:8)
  2 worker ants
  A hound skeleton (D:4)
  Robin (D:2)
  9 gnolls
  4 adders
  A shadow imp (D:5)
  An ooze (D:2)
  4 worms
  7 dart slugs
  3 leopard geckos
  9 orcs
  4 ball pythons
  7 giant cockroaches
  11 goblins
  8 hobgoblins
  16 jackals
  15 kobolds
  7 quokkas
  6 bats
  6 frilled lizards
  A leopard gecko zombie (D:7)
  6 rats
159 creatures vanquished.

Vanquished Creatures (collateral kills)
  An orc (D:7)
1 creature vanquished.

Grand Total: 160 creatures vanquished

Notes
Turn   | Place    | Note
-------+----------+-------------------------------------------
     0 | D:1      | Goreval the Octopode Transmuter began the quest for the
                  | Orb.
     0 | D:1      | Reached XP level 1. HP: 13/13 MP: 3/3
   166 | D:1      | Reached XP level 2. HP: 17/18 MP: 5/5
   206 | D:1      | Learned a level 2 spell: Sticks to Snakes
   571 | D:1      | Reached XP level 3. HP: 21/23 MP: 6/6
   947 | D:1      | Learned a level 3 spell: Spider Form
  1279 | D:2      | Reached XP level 4. HP: 25/28 MP: 7/7
  1831 | D:2      | Reached skill level 1 in Poison Magic
  2587 | D:2      | Reached XP level 5. HP: 20/34 MP: 8/8
  2874 | D:2      | Noticed Robin
  2885 | D:2      | Killed Robin
  3795 | D:3      | Found a stormy altar of Qazlal.
  4219 | D:4      | Found a staircase to the Ecumenical Temple.
  4236 | Temple   | Entered the Ecumenical Temple
  4324 | Temple   | Became a worshipper of Cheibriados the Contemplative
  4380 | D:4      | Reached XP level 6. HP: 13/39 MP: 7/9
  4818 | D:4      | Learned a level 4 spell: Ice Form
  4879 | D:4      | Reached XP level 7. HP: 41/45 MP: 8/11
  4984 | D:4      | Found a runed translucent gate.
  4984 | D:4      | Found a runed translucent gate.
  4985 | D:4      | Found a runed translucent gate.
  4987 | D:4      | Noticed diiiiiane's ghost (novice OpAs)
  5396 | D:4      | Reached * piety under Cheibriados
  5462 | D:5      | Entered Level 5 of the Dungeon
  5714 | D:4      | Found a blossoming altar of Fedhas.
  5998 | D:5      | Found Puoturphace's Jewellery Shoppe.
  6193 | D:5      | Reached skill level 5 in Unarmed Combat
  6652 | D:6      | Reached XP level 8. HP: 42/52 MP: 11/13
  7116 | D:6      | Reached skill level 1 in Invocations
  7140 | D:6      | Reached ** piety under Cheibriados
  7349 | D:7      | Reached skill level 5 in Transmutations
  7630 | D:7      | Found a transporter.
  7711 | D:7      | Found Feazetey's Book Emporium.
  8014 | D:7      | Noticed Pikel
  8029 | D:7      | Killed Pikel
  8029 | D:7      | Reached XP level 9. HP: 21/58 MP: 9/15
  8237 | D:7      | Found a transporter.
  8238 | D:7      | Noticed a queen bee
  8242 | D:7      | Noticed H0rd4k's ghost (novice DEWz)
  8389 | D:8      | Learned a level 2 spell: Passwall
  8460 | D:8      | HP: 1/58 [centaur/arrow (10)]
  8463 | D:8      | Shot with an arrow by a centaur

Levels and vault maps discovered:
D:1:      wheals_arrival_shading, layout_loops_ring
D:2:      layout_basic, uniq_robin
D:3:      layout_loops_ring, nicolae_qazlal_eye_of_the_storm
D:4:      layout_basic, temple_pool_b, first_ration, gammafunk_ghost_necromancy,
          fedhas_altar_3
D:5:      layout_gridville, serial_shops, shop, nrook_campfire,
          kennysheep_nondescript
D:6:      layout_rooms
D:7:      layout_loops_ring, serial_shops, nicolae_shop_behind_doors,
          gammafunk_ghost_hive, uniq_pikel
D:8:      layout_rooms, uniq_erica
Temple:   grunt_wide_crystal_templ

Skill      XL: |  1  2  3  4  5  6  7  8  9 |
---------------+----------------------------+-----
Poison Magic   | 1 2 3 4 |  4.2
Transmutations | 3 4 5 6 |  6.0
Fighting       | 2 3 4 |  4.1
Unarmed Combat | 4 5 6 |  6.5
Dodging        | 3 4 |  4.5
Spellcasting   | 3 4 |  4.1
Invocations    | 2 |  2.7

Action                   |  1- 3 |  4- 6 |  7- 9 || total
-------------------------+-------+-------+-------++-------
Melee: Unarmed           |    76 |   169 |   207 ||   452
       Constrict         |    23 |    43 |    29 ||    95
       Tentacles         |    14 |    23 |    18 ||    55
       Punch             |     1 |     2 |     7 ||    10
       Kick              |     5 |    38 |     8 ||    51
Throw: Stone             |       |       |    16 ||    16
 Cast: Beastly Appendage |     4 |    26 |     6 ||    36
       Spider Form       |       |     3 |    20 ||    23
       Sticks to Snakes  |       |       |     1 ||     1
       Passwall          |       |       |     1 ||     1
  Use: Scroll            |       |     8 |       ||     8
       Potion            |       |     1 |     1 ||     2
 Stab: Sleeping          |     4 |     7 |     6 ||    17
       Distracted        |       |     1 |       ||     1
  Eat: Chunk             |     1 |    12 |     9 ||    22
Armor: Skin              |    12 |     5 |     7 ||    24
Dodge: Dodged            |    48 |   102 |   179 ||   329
